 Dungeon Crawl Stone Soup version 0.29-a0-923-g6e406bff71 (webtiles) character file.

Game seed: 2340287687770873083

1427 rabbitsville the Jinx (level 8, -3/48 HPs)
             Began as a Deep Elf Arcane Marksman on July 9, 2022.
             Was a Follower of Ashenzari.
             Slain by an iguana (7 damage)
             ... on level 7 of the Dungeon on July 27, 2022.
             The game lasted 00:24:57 (7764 turns).

rabbitsville the Jinx (Deep Elf Arcane Marksman)    Turns: 7764, Time: 00:24:57

Health: -3/48      AC: 14    Str:  7    XL:     8   Next: 44%
Magic:  22/22      EV: 11    Int: 19    God:    Ashenzari [*.....]
Gold:   617        SH:  0    Dex: 25    Spells: 23/24 levels left

rFire   . . .      SeeInvis .   b - +1 short sword (protect)
rCold   + + .      Faith    .   (no shield)
rNeg    . . .      Spirit   .   l - +1 ring mail of Ashenzari's Oblivion {+Blink rC++ rCorr Dex+2, Self, Melee} (curse)
rPois   .          Reflect  .   (no helmet)
rElec   .          Harm     .   B - +0 cloak
rCorr   +          Rampage  .   (no gloves)
Will    .....                   (no boots)
Stlth   +.........              d - amulet of the acrobat
HPRegen 0.16/turn               j - ring of the Cosmic Seer {Dex+6, Bglg, Melee} (curse)
MPRegen 0.18/turn               (no ring)

@: under a protective aura
A: no striking features
a: Renounce Religion, Evoke Blink, Shatter the Chains


You were on level 7 of the Dungeon.
You worshipped Ashenzari.
Ashenzari was aware of your devotion.
You visited 1 branch of the dungeon, and saw 7 of its levels.

You collected 617 gold pieces.

Inventory:

Hand Weapons
 a - a +0 sling
 b - a +1 short sword of protection (weapon)
Armour
 c - a +0 robe
 l - the cursed +1 ring mail of Ashenzari's Oblivion (worn) {+Blink rC++ rCorr Dex+2, Self, Melee}
   (You took it off a hobgoblin on level 2 of the Dungeon)

   Dex:       It affects your dexterity (+2).
   rC:        It greatly protects you from cold.
   +Blink:    It lets you blink.
   rCorr:     It protects you from acid and corrosion.
   It has a curse which improves the following skills: Introspection: Fighting
   and Spellcasting.
   Melee Combat: Short Blades, Long Blades, Axes, Maces & Flails, Polearms,
   Staves and Unarmed Combat.
 B - a +0 cloak (worn)
Jewellery
 d - an amulet of the acrobat (around neck)
 g - an amulet of magic regeneration
 j - the cursed ring of the Cosmic Seer (left hand) {Dex+6, Bglg, Melee}
   (You found it on level 1 of the Dungeon)

   [ring of dexterity]

   Dex:       It affects your dexterity (+6).
   It has a curse which improves the following skills: Beguiling: Conjurations,
   Hexes and Translocations.
   Melee Combat: Short Blades, Long Blades, Axes, Maces & Flails, Polearms,
   Staves and Unarmed Combat.
 q - a +6 ring of dexterity
Wands
 n - a wand of quicksilver (10)
 x - a wand of paralysis (8)
Scrolls
 e - 3 scrolls of blinking
 f - 4 scrolls of vulnerability
 h - 5 scrolls of teleportation
 k - 7 scrolls of identify
 m - 2 scrolls of magic mapping
 r - a scroll of enchant armour
 s - a scroll of fog
 w - a scroll of enchant weapon
 y - 3 scrolls of amnesia
 C - a scroll of poison
Potions
 i - 2 potions of magic
 o - 2 potions of haste
 p - 4 potions of curing
 t - 3 potions of might
 u - a potion of flight
 v - a potion of mutation
 z - a potion of cancellation
 A - a potion of brilliance


   Skills:
 + Level 3.2(4.0) Fighting
 - Level 1.1(2.5) Short Blades
 - Level 2.0(3.1) Long Blades
 - Level 5.1 Ranged Weapons
 - Level 2.4 Dodging
 + Level 7.9(8.8) Spellcasting
 + Level 8.9(9.8) Hexes


You had 23 spell levels left.
You knew the following spells:

 Your Spells              Type           Power      Damage    Failure   Level
a - Slow                  Hex            100%       N/A       1%          1

Your spell library contained the following spells:

 Spells                   Type           Power      Damage    Failure   Level
 Cause Fear               Hex            22%        N/A       5%          4
 Ensorcelled Hibernation  Hex/Ice        54%        N/A       6%          2
 Inner Flame              Hex/Fire       27%        N/A       12%         3
 Portal Projectile        Hex/Tloc       54%        N/A       12%         3
 Apportation              Tloc           16%        N/A       28%         1
 Shock                    Conj/Air       32%        1d5       28%         1
 Leda's Liquefaction      Hex/Erth       13%        N/A       36%         4
 Blink                    Tloc           16%        N/A       41%         2
 Passwall                 Tmut/Erth      6%         N/A       41%         2
 Call Canine Familiar     Summ           8%         N/A       65%         3
 Swiftness                Air            8%         N/A       65%         3
 Airstrike                Air            4%         0-3+      96%         4
 Corpse Rot               Necr/Pois/Air  8%         N/A       96%         4
 Dispel Undead            Necr           8%         3d8       96%         4
 Alistair's Intoxication  Tmut/Pois      5%         N/A       100%        5
 Manifold Assault         Tloc           8%         N/A       100%        5
 Death Channel            Necr           4%         N/A       100%        6
 Storm Form               Tmut/Air       4%         N/A       100%        7


Dungeon Overview and Level Annotations

Branches:
Dungeon (7/15)
 Temple: D:4-7

Altars:
Ashenzari
Cheibriados
Fedhas
Kikubaaqudgha
Nemelex Xobeh
Okawaru
Sif Muna
Trog
Vehumet
Wu Jian
Xom
Zin

Shops:
D:1 =

Annotations:
D:3 3 runed translucent doors, ZappyNine's ghost, amateur BaWr; chrisa4242's ghost, amateur GrHu; miscthings's ghost, amateur MeFi; xian's ghost, amateur OpCj
D:5 Ijyb


Message History

The iguana is severely wounded.
The iguana closely misses you.
You hit the iguana but do no damage.
The iguana is severely wounded.
The iguana bites you.
You hit the iguana but do no damage. You punch the iguana, but do no damage.
The iguana is severely wounded.
The iguana bites you but does no damage.
You barely miss the iguana.
The iguana is severely wounded.
The iguana bites you but does no damage.
You barely miss the iguana.
The iguana is severely wounded.
The iguana closely misses you.
You hit the iguana but do no damage.
The iguana is severely wounded.
The iguana misses you.
You hit the iguana but do no damage.
The iguana is severely wounded.
You completely miss the iguana.
The iguana is severely wounded.
The iguana bites you but does no damage.
You hit the iguana but do no damage.
The iguana is severely wounded.
The iguana bites you!
You closely miss the iguana.
The iguana is severely wounded.
The iguana bites you!
* * * LOW HITPOINT WARNING * * *
You hit the iguana.
The iguana is almost dead.
The iguana closely misses you.
You hit the iguana but do no damage.
The iguana is almost dead.
The iguana bites you.
* * * LOW HITPOINT WARNING * * *
You hit the iguana but do no damage.
The iguana is almost dead.
The iguana bites you!
You die...

... #h .... #.
#.#
.l...#.######.#
...)..........#
#.<# #..# #..#
#..# #[h# #..#
...####.l###
.........@..#
#########.##.#
#. #.# #. #.#
#. #.# #. #.#
#. #.# #. #.#
..## #.#


You could see an iguana.

Vanquished Creatures
  Menkaure (D:5)
  An orc warrior (D:6)
  A black bear (D:5)
  3 ogres
  Blork the orc (D:4)
  A necrophage (D:5)
  A scorpion (D:6)
  A howler monkey (D:5)
  3 jellies (D:5)
  3 hounds
  An orc priest (D:3)
  Jessica (D:3)
  5 iguanas
  4 orc wizards
  Robin (D:2)
  5 adders
  A white imp (D:6)
  A worm (D:4)
  3 dart slugs (D:3)
  15 orcs
  13 endoplasms
  3 giant cockroaches
  18 goblins
  8 hobgoblins
  3 jackals
  4 quokkas
  12 ball pythons
  3 bats
  A frilled lizard (D:2)
  8 kobolds
  7 rats
  A spectral hobgoblin (D:2)
134 creatures vanquished.

Vanquished Creatures (others)
  An adder (D:3)
  An endoplasm (D:3)
  A quokka (D:3)
  2 withered plants (D:3)
5 creatures vanquished.

Grand Total: 139 creatures vanquished

Notes
Turn   | Place    | Note
-------+----------+-------------------------------------------
     0 | D:1      | rabbitsville the Deep Elf Arcane Marksman began the quest
                  | for the Orb.
     0 | D:1      | Reached XP level 1. HP: 11/11 MP: 5/5
   187 | D:1      | Reached XP level 2. HP: 16/16 MP: 7/7
  1201 | D:2      | Found a faded altar of an unknown god.
  1226 | D:2      | Reached XP level 3. HP: 19/19 MP: 8/8
  1382 | D:2      | Noticed Robin
  1394 | D:2      | Killed Robin
  1548 | D:2      | Identified the +1 ring mail of Vehumet's Indignation
                  | {+Blink rC++ rCorr Dex+2}
  1697 | D:2      | Reached skill level 5 in Hexes
  1721 | D:2      | Reached XP level 4. HP: 24/24 MP: 10/10
  2129 | D:3      | Reached XP level 5. HP: 27/28 MP: 12/12
  2140 | D:3      | Found a shimmering altar of Xom.
  2250 | D:3      | Found a broken altar of Ashenzari.
  2358 | D:3      | Became a worshipper of Ashenzari the Shackled
  2371 | D:3      | Noticed Jessica
  2373 | D:3      | Killed Jessica
  2428 | D:3      | Found a runed translucent gate.
  2436 | D:3      | Found a runed translucent gate.
  2437 | D:3      | Found a runed translucent gate.
  2438 | D:3      | Noticed xian's ghost (amateur OpCj)
  2439 | D:3      | Noticed chrisa4242's ghost (amateur GrHu)
  2439 | D:3      | Noticed miscthings's ghost (amateur MeFi)
  2439 | D:3      | Noticed ZappyNine's ghost (amateur BaWr)
  2599 | D:3      | Reached skill level 5 in Ranged Weapons
  3362 | D:4      | Noticed Blork the orc
  3378 | D:4      | Killed Blork the orc
  3379 | D:4      | Reached skill level 6 in Hexes
  3379 | D:4      | Reached XP level 6. HP: 29/34 MP: 15/15
  3386 | D:4      | Reached skill level 1 in Short Blades
  3386 | D:4      | Reached skill level 5 in Spellcasting
  3476 | D:4      | Found a glowing silver altar of Zin.
  3899 | D:5      | Entered Level 5 of the Dungeon
  3902 | D:5      | Found a snail-covered altar of Cheibriados.
  3930 | D:5      | Reached skill level 1 in Long Blades
  4242 | D:5      | Noticed Ijyb
  4306 | D:5      | Found a sparkling altar of Nemelex Xobeh.
  4436 | D:5      | Found an ancient bone altar of Kikubaaqudgha.
  4436 | D:5      | Found an ornate altar of the Wu Jian Council.
  4436 | D:5      | Found a radiant altar of Vehumet.
  4462 | D:5      | Reached skill level 7 in Hexes
  4462 | D:5      | Reached XP level 7. HP: 33/38 MP: 16/18
  4544 | D:5      | Reached skill level 1 in Fighting
  4659 | D:5      | Noticed Menkaure
  4700 | D:5      | Killed Menkaure
  5040 | D:5      | Reached skill level 8 in Hexes
  5357 | D:5      | Found a blossoming altar of Fedhas.
  5415 | D:5      | Reached XP level 8. HP: 36/45 MP: 19/21
  5909 | D:6      | Found an iron altar of Okawaru.
  6043 | D:6      | Found a shimmering blue altar of Sif Muna.
  6060 | D:6      | Got Sif Muna's Compilation of Hoarfrost
  6067 | D:6      | Found a bloodstained altar of Trog.
  7126 | D:6      | Reached * piety under Ashenzari
  7542 | D:6      | Upgraded the game from 0.29-a0-823-gc37b1572da to
                  | 0.29-a0-923-g6e406bff71
  7764 | D:7      | Slain by an iguana

Illustrated notes

Levels and vault maps discovered:
D:1:      saegor_arrival_simple_a, layout_rooms, serial_shops, shop,
          serial_corexii_hall, chequers_hall_statues_corner_a,
          chequers_hall_statues_wall_a, nicolae_eternal_life
D:2:      minmay_wonky_spiral, layout_basic,
          dreamdust_ecumenical_altar_drowned_temple, minmay_misc_feat_roman,
          chequers_serial_rivers_micro_b, serial_park_tiny_1, uniq_robin
D:3:      layout_basic, mainiacjoe_overflow_tiny_flanked, xom_confusion_cloud,
          gammafunk_ghost_cemetery, kennysheep_orc_chapel, uniq_jessica
D:4:      layout_loops_corners, zin_treasury, uniq_blork_the_orc
D:5:      layout_loops_cross, nemelex_dance_club_becter,
          mainiacjoe_overflow_surrounded_room, nicolae_overflow_crystal_walls,
          gammafunk_temple_overflow_claw, minmay_fractal_squares_5,
          uniq_menkaure, uniq_ijyb
D:6:      layout_gridville, nzn_overflow_gifts_of_might_and_magic,
          kennysheep_okawaru_gauntlet
D:7:      nzn_winding_woodlands_small [nzn_winding_woodlands_5x15_jagged,
          nzn_winding_woodlands_center_lodge,
          nzn_winding_woodlands_5x15_crooked], layout_loops_ring,
          mainiacjoe_overflow_concentric_impassable, minmay_temple_entry_mist,
          serial_shops, nicolae_shop_advertising_works
          [nicolae_subvault_shop_adworks], nicolae_shop_bloodbath_and_beyond,
          nicolae_diamond_shop, shop, nicolae_shop_overgrown_old_shop

Skill      XL: |  1  2  3  4  5  6  7  8 |
---------------+-------------------------+-----
Ranged Weapons | 3 4 5 |  5.1
Spellcasting   | 2 3 4 5 7 |  7.9
Hexes          | 5 6 7 8 |  8.9
Short Blades   | 1 |  1.1
Long Blades    | 1 2 |  2.0
Fighting       | 2 3 |  3.2
Dodging        | |  2.4

Action                   |  1- 3 |  4- 6 |  7- 9 || total
-------------------------+-------+-------+-------++-------
Melee: Dagger            |     1 |       |       ||     1
       Short sword       |    39 |    85 |   181 ||   305
       Punch             |       |     2 |     3 ||     5
 Fire: Sling             |   101 |   134 |    68 ||   303
 Cast: Slow              |       |       |     1 ||     1
Invok: Curse Item        |       |     1 |     1 ||     2
  Use: Potion            |     2 |     1 |     1 ||     4
Armor: Robe              |    17 |       |       ||    17
       Ring mail         |       |    74 |    53 ||   127
Dodge: Dodged            |    27 |    75 |    88 ||   190

Table legend: (Time is in decaauts)
 A = Elapsed time spent in this place.
 B = Non-inter-level travel time spent in this place.
 C = Inter-level travel time spent in this place.
 D = Time resting spent in this place.
 E = Time spent auto-exploring this place.
 F = Levels seen in this place.
 G = Mean time per level.
                   A        B        C        D        E       F      G
               +--------+--------+--------+--------+--------+-----+--------+
         Total |   7835 |   7500 |    335 |      0 |   5978 |   7 | 1119.3 |
       Dungeon |   7835 |   7500 |    335 |      0 |   5978 |   7 | 1119.3 |
               +--------+--------+--------+--------+--------+-----+--------+

Top non-repeatable levels by time:
     D:6: 2017 daAuts
     D:5: 1771 daAuts
     D:3: 1197 daAuts
     D:1: 972 daAuts
     D:4: 962 daAuts
     D:2: 863 daAuts
     D:7: 51 daAuts
